 Dungeon Crawl Stone Soup version 0.28.0-53-g5a82cb258f (webtiles) character file.

Game seed: 10113350506993113700

4 Sin92 the Magician (level 1, 0/13 HPs)
             Began as a Demonspawn Hedge Wizard on July 11, 2022.
             Killed from afar by a dart slug (4 damage)
             ... with a slug dart
             ... on level 1 of the Dungeon.
             The game lasted 00:00:28 (163 turns).

Sin92 the Magician (Demonspawn Hedge Wizard)         Turns: 163, Time: 00:00:28

Health: 0/13       AC:  2    Str: 10    XL:     1   Next: 58%
Magic:  3/4        EV: 12    Int: 15    God:
Gold:   0          SH:  0    Dex: 12    Spells: 5/6 levels left

rFire   . . .      SeeInvis .   a - +0 dagger
rCold   . . .      Faith    .   (no shield)
rNeg    . . .      Spirit   .   b - +0 robe
rPois   .          Reflect  .   c - +0 hat
rElec   .          Harm     .   (no cloak)
rCorr   .          Rampage  .   (no gloves)
Will    .....                   (no boots)
Stlth   ++........              (no amulet)
HPRegen 0.04/turn               (no ring)
MPRegen 0.09/turn               (no ring)

@: no status effects
A: no striking features
a: no special abilities


You were on level 1 of the Dungeon.
You visited 1 branch of the dungeon, and saw 1 of its levels.

Inventory:

Hand Weapons
 a - a +0 dagger (weapon)
Armour
 b - a +0 robe (worn)
 c - a +0 hat (worn)


   Skills:
 + Level 0.1 Fighting
 + Level 0.1 Short Blades
 + Level 0.2 Armour
 + Level 1.8 Dodging
 + Level 1.8 Stealth
 + Level 3.0 Spellcasting
 + Level 1.0 Conjurations
 - Level 1.0 Summonings
 + Level 0.9 Translocations


You had 5 spell levels left.
You knew the following spells:

 Your Spells              Type           Power      Damage    Failure   Level
a - Magic Dart            Conj           20%        1d4       13%         1

Your spell library contained the following spells:

 Spells                   Type           Power      Damage    Failure   Level
 Slow                     Hex            8%         N/A       21%         1
 Blink                    Tloc           10%        N/A       21%         2
 Call Imp                 Summ           5%         N/A       21%         2
 Conjure Flame            Conj/Fire      3%         6-21      43%         3
 Mephitic Cloud           Conj/Pois/Air  3%         N/A       45%         3


Dungeon Overview and Level Annotations

Branches:
Dungeon (1/15)

Altars:


Message History

There are monsters nearby!
A goblin comes into view. It is wielding a +0 club.
The ball python hisses angrily.
There are monsters nearby!
You closely miss the ball python. The ball python barely misses you.
The ball python closely misses you. The ball python barely misses you.
The ball python grabs you. The ball python constricts you.
There are monsters nearby!
You hit the ball python.
The ball python is severely wounded.
The dart slug launches a dart at you. The slug dart hits you.
The dart slug launches a dart at you. The slug dart hits you.
The ball python bites you. The ball python constricts you.
You escape the ball python's grasp.
You closely miss the ball python.
The ball python is severely wounded.
The ball python bites you. The ball python closely misses you.
You hit the ball python.
You kill the ball python!
The dart slug launches a dart at you. The slug dart misses you.
Unknown command.
You hit the dart slug.
The dart slug is moderately wounded.
The dart slug bites you but does no damage.
You hit the dart slug but do no damage.
The dart slug is moderately wounded.
The dart slug barely misses you.
You hit the dart slug but do no damage.
The dart slug is moderately wounded.
Aiming: Magic Dart (safe; 13% risk of failure)
Press: ? - help, Q - select action Shift-Dir - straight line, f - dart slug
Aim: a dart slug (moderately wounded, 100% to hit)
The magic dart hits the dart slug.
The dart slug is heavily wounded.
The dart slug launches a dart at you. The slug dart hits you.
You die...

#.g..... #.......
#...... #....#
#....# #....#
##########....#..#.
........@ww........
..########.###.#.##
#.....#.#.# #.
#.#.#.#.#.##.#.
#.#.#.#..... #.###
# #.#.#..#.# #...†
#......#.. #....
..###.#..##.##....
..................


You could see 2 dart slugs.

Vanquished Creatures
  A ball python (D:1)
  A hobgoblin (D:1)
  A kobold (D:1)
  A frilled lizard (D:1)
4 creatures vanquished.

Notes
Turn   | Place    | Note
-------+----------+-------------------------------------------
     0 | D:1      | Sin92 the Demonspawn Hedge Wizard began the quest for the
                  | Orb.
     0 | D:1      | Reached XP level 1. HP: 13/13 MP: 4/4
   163 | D:1      | Killed from afar by a dart slug

Illustrated notes

Levels and vault maps discovered:
D:1:      minmay_arrival_stone_box, layout_basic, basic_ecumenical_altar

Action                   || total
-------------------------++-------
Melee: Dagger            ||    14
 Cast: Magic Dart        ||     4
 Stab: Sleeping          ||     1
Armor: Robe              ||     3
Dodge: Dodged            ||    11
